 Dungeon Crawl Stone Soup version 0.27.0-1-g7a089689b8 (webtiles) character file.

Game seed: 14206730302561572566

21 avis the Insei (level 2, -2/22 HPs)
             Began as a Barachi Transmuter on Aug 9, 2021.
             Slain by a quokka (3 damage)
             ... on level 1 of the Dungeon.
             The game lasted 00:02:28 (160 turns).

avis the Insei (Barachi Transmuter)                  Turns: 160, Time: 00:02:29

Health: -2/22      AC:  3    Str: 11    XL:     2   Next: 83%
Magic:  5/5        EV: 11    Int: 13    God:
Gold:   16         SH:  0    Dex: 12    Spells: 4/5 levels left

rFire    . . .     SeeInvis .     - Unarmed
rCold    . . .     Faith    .   (no shield)
rNeg     . . .     Spirit   .   e - +0 leather armour
rPois    .         Reflect  .   (helmet currently unavailable)
rElec    .         Harm     .   (no cloak)
rCorr    +         Rampage  .   (no gloves)
Will     .....                  (boots currently unavailable)
Stlth    +.........             (no amulet)
HPRegen  0.07/turn              c - ring of resist corrosion
MPRegen  0.09/turn              (no ring)

@: appendages (expiring), slow
A: horns 2, talons 2, amphibious, slowness 1, strong legs 1, +LOS
a: Hop, End Transformation


You were on level 1 of the Dungeon.
You had temporarily grown beastly horns and talons.
You visited 1 branch of the dungeon, and saw 1 of its levels.

You collected 16 gold pieces.

Inventory:

Hand Weapons
 d - a +0 war axe
Armour
 a - a +0 robe
 e - a +0 leather armour (worn)
Jewellery
 c - a ring of resist corrosion (left hand)
Scrolls
 b - a scroll of identify {unknown}


   Skills:
 - Level 2.0 Fighting
 - Level 2.1 Dodging
 - Level 4.0 Unarmed Combat
 - Level 2.1 Spellcasting
 * Level 2.4 Transmutations


You had 4 spell levels left.
You knew the following spells:

 Your Spells              Type           Power      Damage    Failure   Level
a - Beastly Appendage     Tmut           14%        N/A       12%         1

Your spell library contained the following spells:

 Spells                   Type           Power      Damage    Failure   Level
 Wereblood                Tmut           7%         N/A       19%         2
 Spider Form              Tmut/Pois      2%         N/A       52%         3
 Ice Form                 Ice/Tmut       4%         N/A       89%         4


Dungeon Overview and Level Annotations

Branches:
Dungeon (1/15)

Altars:


Innate Abilities, Weirdness & Mutations

You have temporarily grown beastly horns and talons.
You are amphibious.
You cover ground slowly.
You can hop short distances.
You have an extended range of vision and can be seen from far away.


Message History

The ball python constricts you.
You hit the ball python.
You kill the ball python!
The ball python closely misses you. The ball python grabs you.
The ball python constricts you.
You hit the ball python.
You kill the ball python!
You hit the endoplasm.
The endoplasm is almost dead.
The endoplasm misses you.
You hit the endoplasm.
You kill the endoplasm!
The jackal pauses to sniff the ground.
Training target 4.0 for Unarmed Combat reached!
Your Unarmed Combat skill increases to level 4!
You need to enable at least one skill for training.
You hit the frilled lizard.
You kill the frilled lizard!
Your transformation is almost over.
You hit the jackal. You claw the jackal, but do no damage.
The jackal is severely wounded.
The jackal barely misses you.
You hit the jackal.
You kill the jackal!
You closely miss the kobold. The kobold hits you but does no damage.
You barely miss the kobold. You claw the kobold, but do no damage.
The kobold hits you with a +0 vampiric dagger.
* * * LOW HITPOINT WARNING * * *
You hit the kobold.
You kill the kobold!
You closely miss the quokka. Your headbutt misses the quokka.
The quokka bites you but does no damage.
You barely miss the quokka. The quokka bites you.
* * * LOW HITPOINT WARNING * * *
You barely miss the quokka.
A bat comes into view.
The quokka bites you.
* * * LOW HITPOINT WARNING * * *
The quokka bites you.
You die...

#.# #.# #.# #.# ### #.#
..###.###### #####
...........### $.!...
......######≈#####r......
#..........#≈#..@rlh.....
>#..#.######≈#.###S......
#...#.# #.≈..# ......
....#.#####.≈..# .....
....#.##....≈.## ....
##..#.##...##### ...
†...#.##.......## ..
'#.....'........# .
<#.#####........#


You could see a quokka, a jackal, a ball python, a frilled lizard and a rat.

Vanquished Creatures
  3 endoplasms (D:1)
  A hobgoblin (D:1)
  4 jackals (D:1)
  A kobold (D:1)
  A quokka (D:1)
  2 ball pythons (D:1)
  4 bats (D:1)
  A frilled lizard (D:1)
17 creatures vanquished.

Notes
Turn   | Place    | Note
-------+----------+-------------------------------------------
     0 | D:1      | avis the Barachi Transmuter began the quest for the Orb.
     0 | D:1      | Reached XP level 1. HP: 15/15 MP: 3/3
   128 | D:1      | Reached XP level 2. HP: 12/22 MP: 5/5
   152 | D:1      | Reached skill level 4 in Unarmed Combat
   160 | D:1      | HP: 1/22 [quokka (3)]
   160 | D:1      | Slain by a quokka

Illustrated notes

Levels and vault maps discovered:
D:1:      dpeg_arrival_tiny_c, layout_basic, chequers_serial_rivers_micro_b,
          st_stairs_14, minmay_tromino_v7

Skill      XL: |  1  2 |
---------------+-------+-----
Fighting       | 2 |  2.0
Unarmed Combat | 4 |  4.0
Dodging        | |  2.1
Spellcasting   | |  2.1
Transmutations | |  2.4

Action                   || total
-------------------------++-------
Melee: Unarmed           ||    52
       Kick              ||     8
       Headbutt          ||     5
 Cast: Beastly Appendage ||     5
Armor: Leather armour    ||    12
       Robe              ||     3
Dodge: Dodged            ||    35
